 Dungeon Crawl Stone Soup version 0.31-a0-424-g41b3b0883d (webtiles) character file.

Game seed: 3516647236775391999

983 Ethylacetat the Firebug (level 8, -1/40 (46) HPs)
             Began as an Octopode Fire Elementalist on July 30, 2023.
             Was a Follower of Vehumet.
             Slain by a wight
             ... wielding a +0 mace
              (5 damage)
             ... on level 6 of the Dungeon.
             The game lasted 00:30:03 (4020 turns).

Ethylacetat the Firebug (OpFE)                      Turns: 4020, Time: 00:30:03

HP:   -1/40 (46)    AC:  1    Str:  6 (7)  XL:     8   Next: 17%
MP:   10/17         EV: 13    Int: 18 (20) God:    Vehumet [*.....]
Gold: 507           SH:  0    Dex: 10 (12) Spells: 16/19 levels left

rFire   . . .        c - +3 flail (protect)
rCold   . . .        (no shield)
rNeg    . . .        (helmet restricted)
rPois   .            (no amulet)
rElec   .            (no ring)
rCorr   .            (no ring)
SInv    .            (no ring)
Will    .....        (no ring)
Stlth   +++          (no ring)
HPRegen 0.26/turn    (no ring)
MPRegen 0.15/turn    (no ring)
                     (no ring)

%: no passive effects
@: heavily drained
A: almost no armour, amphibious, 8 rings, camouflage 1, gelatinous body 1,
(nimble swimmer 1), tentacles, passive freeze
a: Renounce Religion


You were on level 6 of the Dungeon.
You worshipped Vehumet.
Vehumet was aware of your devotion.
You visited 2 branches of the dungeon, and saw 7 of its levels.
You also visited: Ossuary.

You collected 507 gold pieces.

Inventory:

Hand Weapons
 c - a +3 flail of protection (weapon)
Wands
 u - a wand of flame (12)
Scrolls
 d - a scroll of blinking
 f - 3 scrolls of vulnerability
 i - 6 scrolls of identify
 j - 3 scrolls of fear
 m - 2 scrolls of teleportation
 n - 2 scrolls of revelation
Potions
 a - 3 potions of magic
 b - 3 potions of curing
 h - 2 potions of mutation
 l - a potion of haste
 v - a potion of lignification
 x - a potion of enlightenment
 z - 4 potions of heal wounds


   Skills:
 - Level 2.1 Dodging
 - Level 2.9 Stealth
 + Level 6.1 Spellcasting
 - Level 1.8 Conjurations
 + Level 7.0 Fire Magic


You had 16 spell levels left.
You knew the following spells:

 Your Spells              Type           Power      Damage    Failure   Level
a - Foxfire               Conj/Fire      84%        2x1d8     1%          1
b - Scorch                Fire           60%        2d7       1%          2

Your spell library contained the following spells:

 Spells                   Type           Power      Damage    Failure   Level
 Shock                    Conj/Air       32%        1d5       9%          1
 Magic Dart               Conj           48%        1d5       5%          1
 Searing Ray              Conj           24%        2d5       9%          2
 Inner Flame              Hex/Fire       18%        N/A       9%          3
 Volatile Blastmotes      Fire/Tloc      36%        2d13      9%          3
 Freeze                   Ice            20%        1d4       12%         1
 Ignite Poison            Fire/Tmut/Pois 13%        N/A       14%         3
 Call Imp                 Summ           10%        N/A       19%         2
 Lesser Beckoning         Tloc           10%        N/A       19%         2
 Flame Wave               Conj/Fire      21%        2d8       19%         4
 Sticky Flame             Conj/Fire      21%        2d4       19%         4
 Hailstorm                Conj/Ice       8%         3d4       24%         3
 Mephitic Cloud           Conj/Pois/Air  7%         N/A       28%         3
 Call Canine Familiar     Summ           5%         N/A       34%         3
 Frozen Ramparts          Ice            10%        1d2       34%         3
 Gell's Gravitas          Tloc           5%         N/A       34%         3
 Portal Projectile        Hex/Tloc       10%        N/A       34%         3
 Teleport Other           Tloc           5%         N/A       34%         3
 Fulminant Prism          Conj/Hex       4%         3d5       63%         4
 Leda's Liquefaction      Hex/Erth       2%         N/A       75%         4
 Ignition                 Fire           15%        3d6       100%        8


Dungeon Overview and Level Annotations

Branches:
Dungeon (6/15)             Temple (1/1) D:4         Ossuary (visited)

Altars:
Ashenzari
Elyvilon
Fedhas
Nemelex Xobeh
Okawaru
Qazlal
Ru
Sif Muna
Trog
Uskayaw
Vehumet
The Shining One

Shops:
D:4 [


Innate Abilities, Weirdness & Mutations

You cannot wear most types of armour.
You are amphibious.
You can wear up to eight rings at the same time.
Your skin changes colour to match your surroundings (Stealth+).
Your rubbery body absorbs attacks. (AC +1, EV +1)
((You are camouflaged when in or above water. (Stealth+)))
You have tentacles for arms and can constrict up to eight enemies at once.
A frigid envelope surrounds you and freezes all who hurt you.


Message History

The foxfire hits the wight.
The wight is moderately damaged.
Casting: Foxfire (safe; 1% risk of failure)
Confirm with . or Enter, or press ? or * to list all spells.
You conjure some foxfire!
The foxfire hits the wight.
The wight is heavily damaged.
The foxfire hits the wight but does no damage.
The wight is moderately damaged.
The wight hits you from afar with a +0 spear!
You feel drained.
Casting: Foxfire (safe; 1% risk of failure)
Confirm with . or Enter, or press ? or * to list all spells.
You conjure some foxfire!
The foxfire hits the wight but does no damage.
The wight is heavily damaged.
The foxfire hits the wight.
The wight is moderately damaged.
The wight hits you with a +2 falchion!
You feel drained. The wight closely misses you. The wight misses you.
Casting: Foxfire (safe; 1% risk of failure)
Confirm with . or Enter, or press ? or * to list all spells.
You conjure some foxfire!
The foxfire hits the wight but does no damage.
The wight is moderately damaged.
The foxfire hits the wight but does no damage.
The wight is moderately damaged.
The wight barely misses you. x2; The wight hits you with a +0 mace!
The wight resists.
The wight is very cold.
The wight is moderately damaged.
Casting: Foxfire (safe; 1% risk of failure)
Confirm with . or Enter, or press ? or * to list all spells.
You conjure some foxfire!
The foxfire hits the wight but does no damage.
The wight is heavily damaged.
The foxfire hits the wight but does no damage.
The wight is moderately damaged.
The wight completely misses you. The wight hits you with a +0 mace!
* * * LOW HITPOINT WARNING * * *
You feel drained.
You die...

#........
#[[......
#........
#........
#........
######.z...◎..
#....vz.......
#.....@z......
#....§.v..####
#.........#
#.........#
#.........#
#.....<...#
#.........#
................
................


You could see 3 wights.

Vanquished Creatures
  Edmund (D:4)
  An ogre (D:4)
  A phantom (D:5)
  An elf zombie (Ossuary)
  Blork the orc (D:4)
  3 scorpions
  A hound (D:5)
  2 jellies
  2 human zombies (Ossuary)
  2 hound zombies (Ossuary)
  4 mummies (Ossuary)
  5 adders
  2 ufetubi (D:4)
  2 adder zombies (Ossuary)
  3 worms
  2 dart slugs (D:1)
  8 orcs
  13 ball pythons
  9 endoplasms
  A giant cockroach (D:1)
  7 goblins
  6 hobgoblins
  3 jackals (D:1)
  4 kobolds
  5 quokkas
  5 bats
  A frilled lizard (D:1)
  3 kobold zombies (Ossuary)
  2 orc zombies (Ossuary)
  4 rats
104 creatures vanquished.

Vanquished Creatures (others)
  284 foxfires
284 creatures vanquished.

Grand Total: 388 creatures vanquished

Notes
Turn   | Place    | Note
-------+----------+-------------------------------------------
     0 | D:1      | Ethylacetat the Octopode Fire Elementalist began the quest
                  | for the Orb.
     0 | D:1      | Reached XP level 1. HP: 11/11 MP: 3/3
   151 | D:1      | Reached XP level 2. HP: 17/17 MP: 5/5
   454 | D:1      | Reached XP level 3. HP: 21/21 MP: 6/6
   743 | D:2      | Found a faded altar of an unknown god.
  1143 | D:2      | Reached XP level 4. HP: 23/27 MP: 8/8
  1634 | D:3      | Learned a level 2 spell: Scorch
  1662 | D:3      | Reached skill level 4 in Fire Magic
  1968 | D:3      | Reached XP level 5. HP: 31/31 MP: 7/9
  2276 | D:4      | Noticed Edmund
  2309 | D:4      | Killed Edmund
  2310 | D:4      | Reached XP level 6. HP: 21/36 MP: 0/12
  2472 | D:4      | Reached skill level 5 in Fire Magic
  2481 | D:4      | HP: 1/36 [ufetubus (5)]
  2594 | D:4      | Found Qoceip Zumu's Antique Armour Shoppe.
  2625 | D:4      | Found a staircase to the Ecumenical Temple.
  2631 | Temple   | Entered the Ecumenical Temple
  2772 | Temple   | Became a worshipper of Vehumet
  2796 | D:4      | Noticed Blork the orc
  2803 | D:4      | Killed Blork the orc
  2804 | D:4      | Reached XP level 7. HP: 36/41 MP: 7/14
  2831 | D:4      | Reached skill level 5 in Spellcasting
  2922 | D:5      | Entered Level 5 of the Dungeon
  3024 | D:5      | Reached skill level 6 in Fire Magic
  3168 | D:5      | Found a sand-covered staircase.
  3172 | Ossuary  | Entered an ossuary
  3173 | Ossuary  | Gained mutation: A frigid envelope surrounds you and
                  | freezes all who hurt you. [potion of mutation]
  3216 | Ossuary  | Reached XP level 8. HP: 38/46 MP: 1/16
  3340 | Ossuary  | Reached * piety under Vehumet
  3340 | Ossuary  | Offered knowledge of Shock by Vehumet.
  3590 | D:5      | Reached skill level 7 in Fire Magic
  4020 | D:6      | Slain by a wight

Illustrated notes

Levels and vault maps discovered:
D:1:      lightli_arrival_boilingwater, layout_basic, kennysheep_small_spiral
D:2:      kennysheep_big_flooded_room, layout_loops_ring, serial_aquarium,
          aquarium_bridge_square [aquarium_subvault_bridge,
          aquarium_subvault_bridge, aquarium_subvault_window,
          aquarium_subvault_balcony], aquarium_window_2, aquarium_window_fake,
          aquarium_window_1, aquarium_view_2c, aquarium_view_2c,
          ebering_ecumenical_altar_ruins, serial_bayou_ford_a
D:3:      layout_basic, minmay_snake_closets
D:4:      layout_rooms, minmay_temple_entry_enclosed_plants, serial_shops, shop,
          minmay_distorted, uniq_edmund, uniq_blork_the_orc
D:5:      layout_gridville, nicolae_ossuary_entry_plus
D:6:      layout_basic, slow_altar_2
Temple:   nicolae_temple_slightly_damp_pantheon

Skill      XL: |  1  2  3  4  5  6  7  8 |
---------------+-------------------------+-----
Spellcasting   | 3 4 5 6 |  6.1
Fire Magic     | 4 5 6 7 |  7.0
Dodging        | |  2.1
Stealth        | |  2.9
Conjurations   | |  1.8

Action                     |  1- 3 |  4- 6 |  7- 9 || total
---------------------------+-------+-------+-------++-------
  Melee: Unarmed           |    96 |    39 |       ||   135
         Tentacles         |    25 |     8 |     1 ||    34
         Constrict         |    23 |     4 |     1 ||    28
         Punch             |     2 |     1 |       ||     3
         Flail             |       |    11 |    30 ||    41
   Cast: Foxfire           |    20 |    67 |    72 ||   159
         Scorch            |       |     1 |     2 ||     3
    Use: Potion            |       |     3 |     7 ||    10
         Scroll            |       |       |    14 ||    14
   Stab: Sleeping          |    14 |     1 |       ||    15
 Armour: Skin              |     6 |    20 |    89 ||   115
  Dodge: Dodged            |    51 |    35 |    20 ||   106

Table legend: (Time is in decaauts)
 A = Elapsed time spent in this place.
 B = Non-inter-level travel time spent in this place.
 C = Inter-level travel time spent in this place.
 D = Time resting spent in this place.
 E = Time spent auto-exploring this place.
 F = Levels seen in this place.
 G = Mean time per level.
                   A        B        C        D        E       F      G
               +--------+--------+--------+--------+--------+-----+--------+
         Total |   4036 |   3937 |     99 |     84 |   1979 |   8 |  504.5 |
       Dungeon |   3499 |   3413 |     86 |     19 |   1979 |   6 |  583.2 |
        Temple |    155 |    142 |     13 |      0 |      0 |   1 |  155.0 |
       Ossuary |    382 |    382 |      0 |     65 |      0 |   1 |  382.0 |
               +--------+--------+--------+--------+--------+-----+--------+

Top non-repeatable levels by time:
     D:3: 825 daAuts
     D:2: 746 daAuts
     D:5: 712 daAuts
     D:1: 699 daAuts
     D:4: 498 daAuts
 Ossuary: 382 daAuts
  Temple: 155 daAuts
     D:6: 16 daAuts
